 Dungeon Crawl Stone Soup version 0.20.1-1-g8b1a95d (webtiles) character file.

1726 Irenicus the Cleaver (level 8, -1/68 HPs)
             Began as a Deep Dwarf Gladiator on Oct 19, 2017.
             Was an Initiate of Makhleb.
             Slain by an orc warrior
             ... wielding a +0 halberd
              (19 damage)
             ... on level 7 of the Dungeon.
             The game lasted 00:14:44 (4778 turns).

Irenicus the Cleaver (Deep Dwarf Gladiator)         Turns: 4778, Time: 00:14:45

Health: -1/68      AC:  9    Str: 19    XL:     8   Next: 75%
Magic:  6/6        EV: 13    Int: 12    God:    Makhleb [......]
Gold:   114        SH:  0    Dex: 16    Spells: 7/7 levels left

rFire    . . .     SeeInvis .   y - +10 war axe of Wezusuy {chop, rElec rC+ MR- Stlth+}
rCold    + + .     Gourm    .   (no shield)
rNeg     + . .     Faith    .   o - +2 leather armour {rC+}
rPois    .         Spirit   .   c - +0 helmet
rElec    +         Reflect  .   (no cloak)
rCorr    .         Harm     .   s - +2 pair of gloves
MR       .....                  (no boots)
Stlth    +.........             (no amulet)
Regen    0.0/turn               w - +4 ring of intelligence
MPRegen  0.1/turn               B - ring of Kucimo Ifoi {rN+ Stlth-}

@: non-regenerating
A: damage resistance, heal wounds, sense surroundings 1, no regeneration
a: Heal Wounds, Renounce Religion


You were on level 7 of the Dungeon.
You worshipped Makhleb.
Makhleb was noncommittal.
You were hungry.

You visited 2 branches of the dungeon, and saw 8 of its levels.

You collected 377 gold pieces.
You spent 263 gold pieces at shops.

Inventory:

Hand Weapons
 a - a +0 war axe
 y - the +10 war axe of Wezusuy (weapon) {chop, rElec rC+ MR- Stlth+}
   (You bought it in a shop on level 5 of the Dungeon)

   It inflicts extra damage upon your enemies.
   It protects you from cold.
   It insulates you from electricity.
   It affects your resistance to hostile enchantments.
   It makes you more stealthy.
Missiles
 d - 2 throwing nets
 p - 4 javelins (quivered)
Armour
 c - a +0 helmet (worn)
 o - a +2 leather armour of cold resistance (worn)
 s - a +2 pair of gloves (worn)
Jewellery
 h - an uncursed amulet of faith
 w - a +4 ring of intelligence (left hand)
 B - the ring of Kucimo Ifoi (right hand) {rN+ Stlth-}
   (You found it on level 5 of the Dungeon)

   [ring of loudness]

   It protects you from negative energy.
   It makes you less stealthy.
Wands
 q - a wand of lightning (6/15)
 x - a wand of confusion (21/48)
 z - a wand of disintegration (12/24)
Scrolls
 e - 3 scrolls of teleportation {unknown}
 i - a scroll of amnesia {unknown}
 k - 2 scrolls of identify
 l - 2 scrolls of remove curse {unknown}
 r - a scroll of fog {unknown}
 v - a scroll of magic mapping {unknown}
 A - a scroll of holy word {unknown}
 E - a scroll of fear {unknown}
Potions
 m - a potion of resistance
 n - 2 potions of curing
 t - 4 potions of invisibility
 u - 3 potions of agility
 D - a potion of berserk rage {unknown}
Books
 b - a book of Geomancy

   Spells                             Type                      Level
   a - Sandblast                      Earth                        1
   b - Passwall                       Transmutation/Earth          2
   c - Stone Arrow                    Conjuration/Earth            3
   d - Petrify                        Transmutation/Earth          4
   e - Lee's Rapid Deconstruction     Earth                        5
Comestibles
 f - 8 bread rations
 g - 2 meat rations
 j - a fruit


   Skills:
 - Level 2.5 Fighting
 + Level 12.2 Axes
 - Level 2.0 Throwing
 - Level 3.2 Dodging


You had 7 spell levels left.
You didn't know any spells.

Dungeon Overview and Level Annotations

Branches:
Dungeon (7/15)             Temple (1/1) D:6

Altars:
Cheibriados
Fedhas
Gozag
Hepliaklqana
Makhleb
Trog
Uskayaw

Shops:
D:4 [   D:5 =*((!   D:6 }   D:7 *

Annotations:
D:2 exclusion: oklob plant


Innate Abilities, Weirdness & Mutations

You are resistant to damage.
You can heal yourself by infusing magical energy.
You passively map a small area around you.
You do not regenerate.


Message History

* * * LOW HITPOINT WARNING * * *
The orc completely misses you.
You hit the orc warrior.
The orc warrior is lightly wounded.
You hit the orc.
You kill the orc!
Makhleb accepts your kill. The orc warrior misses you.
You closely miss the orc warrior.
The orc warrior is lightly wounded.
The orc warrior barely misses you.
You hit the orc warrior but do no damage.
The orc warrior is lightly wounded.
You hit the orc warrior.
The orc warrior is moderately wounded.
The orc warrior closely misses you.
You barely miss the orc warrior.
The orc warrior is moderately wounded.
The orc warrior hits you with a halberd!!
You die...

#.#######.**
#.........
#..####### *
##..# , ##.# ,
##.## ,
#...######
#........#
#...@≈...# ,
#...)o...## *
#..§.∩)≈..# , *
#.........#,,,
#....#........
##............,
####.........
#......... * *,
##########


You could see an orc warrior.

Vanquished Creatures
  The ghost of Irenicus the Insei, a novice OpCK of Xom (D:4)
  Prince Ribbit (D:6)
  Eustachio (D:6)
  A black bear (D:6)
  An ogre (D:6)
  A bullfrog (D:6)
  A scorpion (D:4)
  A water moccasin skeleton (D:4)
  5 wights (D:6)
  A bullfrog zombie (D:5)
  A howler monkey (D:5)
  2 hounds
  2 orc wizards (D:6)
  An iguana (D:6)
  3 worker ants
  A hound skeleton (D:6)
  A howler monkey zombie (D:5)
  2 worker ant zombies (D:6)
  6 gnolls (D:3)
  9 adders
  2 shadow imps
  2 oozes
  A worm (D:3)
  A dart slug (D:4)
  2 leopard geckos
  16 orcs
  9 bats
  A giant cockroach (D:2)
  15 goblins
  10 hobgoblins
  3 jackals (D:1)
  8 kobolds
  A quokka (D:2)
  2 ball pythons
  A ball python skeleton (D:4)
  5 frilled lizards
  A leopard gecko zombie (D:5)
  A quokka skeleton (D:4)
  4 rats
127 creatures vanquished.

Notes
Turn   | Place    | Note
-------+----------+-------------------------------------------
     0 | D:1      | Irenicus the Deep Dwarf Gladiator began the quest for the Orb.
     0 | D:1      | Reached XP level 1. HP: 19/19 MP: 1/1
    85 | D:1      | Reached XP level 2. HP: 26/26 MP: 2/2
   112 | D:1      | Reached skill level 4 in Axes
   668 | D:2      | Reached XP level 3. HP: 32/32 MP: 3/3
   719 | D:2      | Found a blossoming altar of Fedhas.
   744 | D:2      | Noticed an oklob plant
   968 | D:2      | Reached skill level 5 in Axes
  1152 | D:2      | Reached XP level 4. HP: 36/39 MP: 4/4
  1660 | D:3      | Reached XP level 5. HP: 20/45 MP: 5/5
  1802 | D:3      | Reached skill level 6 in Axes
  2067 | D:4      | Found Goidac's Antique Armour Emporium.
  2213 | D:4      | Noticed Irenicus's ghost (novice OpCK)
  2280 | D:4      | Reached skill level 7 in Axes
  2280 | D:4      | Reached XP level 6. HP: 30/55 MP: 6/6
  2594 | D:4      | Killed Irenicus's ghost
  2594 | D:4      | Reached skill level 8 in Axes
  2594 | D:4      | Reached XP level 7. HP: 8/61 MP: 7/7
  3064 | D:5      | Entered Level 5 of the Dungeon
  3078 | D:5      | Found Ciump's General Store.
  3081 | D:5      | Reached skill level 9 in Axes
  3084 | D:5      | Found Veniejyit's Antique Weapon Boutique.
  3086 | D:5      | Found Varoza's Weapon Emporium.
  3266 | D:5      | Found Impivuaz's Jewellery Emporium.
  3428 | D:5      | Bought a warped war axe for 263 gold pieces
  3428 | D:5      | Identified the +10 war axe of Wezusuy {chop, rElec rC+ MR- Stlth+} (You bought it in a shop on level 5 of the Dungeon)
  3477 | D:5      | Found Vecil's Distillery.
  3628 | D:5      | Got a wavering brass ring
  3761 | D:6      | Found a staircase to the Ecumenical Temple.
  3770 | Temple   | Entered the Ecumenical Temple
  3777 | Temple   | Became a worshipper of Makhleb the Destroyer
  3869 | D:6      | Reached skill level 10 in Axes
  3932 | D:6      | Noticed Prince Ribbit
  3946 | D:6      | Killed Prince Ribbit
  3946 | D:6      | Reached XP level 8. HP: 39/68 MP: 7/7
  4023 | D:6      | Reached skill level 11 in Axes
  4140 | D:6      | Found Ideacu's Gadget Boutique.
  4482 | D:6      | Noticed Eustachio
  4495 | D:6      | Killed Eustachio
  4495 | D:6      | Reached skill level 12 in Axes
  4509 | D:6      | Identified the ring of Kucimo Ifoi {rN+ Stlth-} (You found it on level 5 of the Dungeon)
  4752 | D:7      | Found Xeaclaz's Elemental Accessories.
  4771 | D:7      | HP: 3/68 [orc warrior/halberd (19)]
  4778 | D:7      | Slain by an orc warrior

Skill      XL: |  1  2  3  4  5  6  7  8 |
---------------+-------------------------+-----
Axes           | 4 5 7 8 10 12 | 12.2
Throwing       | 2 |  2.0
Fighting       | 2 |  2.5
Dodging        | |  3.2

Action                   |  1- 3 |  4- 6 |  7- 9 || total
-------------------------+-------+-------+-------++-------
Melee: War axe           |    61 |   131 |   119 ||   311
Throw: Javelin           |    37 |    33 |    37 ||   107
       Throwing net      |       |     2 |     1 ||     3
 Abil: Heal Wounds       |       |     1 |     3 ||     4
Evoke: Wand              |       |       |     3 ||     3
  Use: Potion            |       |     1 |     5 ||     6
       Scroll            |       |       |     1 ||     1
 Stab: Sleeping          |       |     1 |     2 ||     3
  Eat: Chunk             |       |     4 |     7 ||    11
       Fruit             |       |       |     1 ||     1
Armor: Leather armour    |    17 |    32 |    22 ||    71
Dodge: Dodged            |    39 |    78 |    75 ||   192
